 Dungeon Crawl Stone Soup version 0.20.0-10-g0535bb4 (webtiles) character file.

97 bobbobbob the Sneak (level 4, -10/21 HPs)
             Began as a Spriggan Enchanter on June 3, 2017.
             Shot with an arrow by a centaur (15 damage)
             ... on level 2 of the Dungeon.
             The game lasted 00:11:20 (3403 turns).

bobbobbob the Sneak (Spriggan Enchanter)            Turns: 3403, Time: 00:11:21

Health: -10/21     AC:  2    Str:  4    XL:     4   Next: 42%
Magic:  1/10       EV: 18    Int: 16    God:
Gold:   85         SH:  0    Dex: 17    Spells: 3/10 levels left

rFire    . . .     SeeInvis +   f - +2 dagger (venom)
rCold    . . .     Gourm    .   (shield restricted)
rNeg     . . .     Faith    .   b - +0 robe
rPois    .         Spirit   .   (helmet restricted)
rElec    .         Reflect  .   (no cloak)
rCorr    .         Harm     .   (gloves unavailable)
MR       .....                  (boots unavailable)
Stlth    +++.......             (no amulet)
Regen    0.1/turn               (no ring)
MPRegen  0.2/turn               (no ring)

@: very quick
A: unfitting armour, see invisible, herbivore 3, speed 3, slow metabolism 2
a: no special abilities


You were on level 2 of the Dungeon.
You were not hungry.

You visited 1 branch of the dungeon, and saw 3 of its levels.

You collected 85 gold pieces.

Inventory:

Hand Weapons
 a - a +1 dagger
 f - a +2 dagger of venom (weapon)
Armour
 b - a +0 robe (worn)
Scrolls
 e - a scroll of identify {unknown}
 g - a scroll of enchant armour {unknown}
 h - a scroll of magic mapping {unknown}
 i - a scroll of enchant weapon {unknown}
Books
 c - a book of Maledictions

   Spells                             Type                      Level
   a - Corona                         Hexes                        1
   b - Ensorcelled Hibernation        Hexes/Ice                    2
   c - Confuse                        Hexes                        3
   d - Tukima's Dance                 Hexes                        3
   e - Dazzling Spray                 Conjuration/Hexes            3
Comestibles
 d - a bread ration


   Skills:
 + Level 0.1 Fighting
 + Level 2.1 Short Blades
 + Level 3.3 Dodging
 + Level 5.0 Stealth
 + Level 3.9 Spellcasting
 + Level 4.6 Hexes


You had 3 spell levels left.
You knew the following spells:

 Your Spells              Type           Power        Failure   Level  Hunger
a - Corona                Hex            ###....      2%          1    None
b - Confuse               Hex            ###.....     8%          3    ###....
c - Dazzling Spray        Conj/Hex       ##....       21%         3    ###....


Dungeon Overview and Level Annotations

Branches:
Dungeon (3/15)

Altars:
Trog


Innate Abilities, Weirdness & Mutations

You are very small and have problems with some larger weapons.
You are too small for most types of armour.
You have supernaturally acute eyesight. (SInv)
You are a herbivore.
You cover ground extremely quickly.
You need consume almost no food.


Message History

Aim: a centaur, wielding an enchanted shortbow (lightly wounded, poisoned, chance to defeat MR: 48%)
The centaur resists with some effort.
The centaur completely misses you.
Casting: Confuse
Confirm with . or Enter, or press ? or * to list all spells.
You don't have enough magic to cast that spell.
You hit the centaur but do no damage.
The centaur looks as sick as possible!
The centaur is lightly wounded.
The centaur misses you. The centaur completely misses you.
You hit the centaur.
The centaur looks as sick as possible!
The centaur is moderately wounded.
The centaur hits you with an enchanted shortbow!
* * * LOW HITPOINT WARNING * * *
The centaur barely misses you.
You climb upwards.
There is a stone staircase leading down here.
The centaur shoots an arrow.
The arrow closely misses you. The centaur completely misses you.
The centaur shoots an arrow.
The arrow hits you!
Ouch! That really hurt!
You die...

......#.....#.....).......#####.#
......#.....(..........#### ##..#
............(.........## ####..##
.......###.##########.####....###
......## #.## #......#### #
...#...# #..# ####....# #
##.##..####.## #######..##.#####
#..#.....#..####<......###......
#..............@.#########......
#.......##....#...###...........
#....##.###.......#......#######
#.......(......c..#...#######...
##.............>....รท..........##
..................(.(.....######
##..................#......#...##
###..........(......##..........#
..###....(..........#............


You could see a centaur.

Vanquished Creatures
  2 adders (D:2)
  An ooze (D:1)
  7 bats
  2 giant cockroaches (D:2)
  13 goblins
  9 hobgoblins
  17 kobolds
  5 quokkas
  2 ball pythons
  3 frilled lizards
  10 rats
71 creatures vanquished.

Notes
Turn   | Place    | Note
-------+----------+-------------------------------------------
     0 | D:1      | bobbobbob the Spriggan Enchanter began the quest for the Orb.
     0 | D:1      | Reached XP level 1. HP: 9/9 MP: 5/5
   381 | D:1      | Reached XP level 2. HP: 11/13 MP: 3/6
   609 | D:1      | Reached skill level 5 in Stealth
   937 | D:1      | Reached XP level 3. HP: 16/16 MP: 6/8
   957 | D:1      | Learned a level 3 spell: Confuse
   961 | D:1      | Learned a level 3 spell: Dazzling Spray
  2326 | D:2      | Reached XP level 4. HP: 20/21 MP: 10/10
  3005 | D:2      | Found a bloodstained altar of Trog.
  3194 | D:3      | Noticed a centaur
  3403 | D:2      | Shot with an arrow by a centaur

Skill      XL: |  1  2  3  4 |
---------------+-------------+-----
Hexes          | 4 |  4.6
Stealth        | 5 |  5.0
Spellcasting   | 3 |  3.9
Short Blades   | 2 |  2.1
Fighting       | |  0.1
Dodging        | |  3.3

Action                   |  1- 3 |  4- 6 || total
-------------------------+-------+-------++-------
Melee: Dagger            |   108 |    43 ||   151
 Cast: Corona            |    34 |    13 ||    47
       Confuse           |     7 |     8 ||    15
       Dazzling Spray    |       |     4 ||     4
  Use: Potion            |     3 |       ||     3
 Stab: Sleeping          |     7 |     3 ||    10
       Distracted        |       |     1 ||     1
       Confused          |       |     1 ||     1
  Eat: Bread ration      |       |     1 ||     1
Armor: Robe              |     5 |     3 ||     8
       Skin              |     7 |       ||     7
Dodge: Dodged            |   102 |    73 ||   175
